 Dungeon Crawl Stone Soup version 0.29.0-4-gdea44cf6ec (webtiles) character file.

Game seed: 9811856953833513173

104 Mahakala the Cudgeller (level 4, -2/29 HPs)
             Began as a Gargoyle Monk on Aug 26, 2022.
             Killed by divine providence
             ... invoked by an orc priest
              (12 damage)
             ... on level 2 of the Dungeon.
             The game lasted 00:06:15 (2664 turns).

Mahakala the Cudgeller (Gargoyle Monk)              Turns: 2664, Time: 00:06:15

Health: -2/29      AC:  6    Str: 17    XL:     4   Next: 80%
Magic:  0/4        EV: 12    Int: 10    God:
Gold:   50         SH:  0    Dex: 12    Spells: 3/3 levels left

rFire   . . .      SeeInvis .   a - +0 mace
rCold   . . .      Faith    .   (no shield)
rNeg    + . .      Spirit   +   n - +0 leather armour
rPois   ∞          Reflect  .   (no helmet)
rElec   +          Harm     .   (no cloak)
rCorr   .          Rampage  .   (no gloves)
Will    .....                   (no boots)
Stlth   ++........              h - amulet of guardian spirit
HPRegen 0.09/turn               (no ring)
MPRegen 0.09/turn               (no ring)

@: no status effects
A: sickness immunity, AC +3, negative energy resistance 1, electricity
resistance, torment resistance 1, petrification resistance
a: no special abilities


You were on level 2 of the Dungeon.
You visited 1 branch of the dungeon, and saw 3 of its levels.

You collected 50 gold pieces.

Inventory:

Hand Weapons
 a - a +0 mace (weapon)
 b - a +0 sling
Missiles
 k - 13 stones (quivered)
Armour
 n - a +0 leather armour (worn)
Jewellery
 h - an amulet of guardian spirit (around neck)
 j - a ring of willpower
Wands
 v - a wand of digging (5)
Scrolls
 e - 3 scrolls of identify {unknown}
 f - a scroll of noise {unknown}
 i - a scroll of blinking {unknown}
 m - a scroll of teleportation {unknown}
Potions
 c - a potion of ambrosia
 d - a potion of curing {unknown}
 g - a potion of cancellation {unknown}
 l - a potion of mutation {unknown}


   Skills:
 + Level 4.2 Fighting
 * Level 4.7 Maces & Flails
 - Level 2.4 Dodging
 - Level 2.1 Stealth


You had 3 spell levels left.
You didn't know any spells.
Your spell library was empty.

Dungeon Overview and Level Annotations

Branches:
Dungeon (3/15)

Altars:


Innate Abilities, Weirdness & Mutations

You are immune to sickness and miasma.
Your stone body is resilient. (AC +3)
You are immune to poison.
You resist negative energy. (rN+)
You are resistant to electric shocks. (rElec)
You are resistant to unholy torment.
You are immune to petrification.


Message History

b - a +0 sling
There is a stone staircase leading up here.
Done exploring.
Done exploring.
There is a stone staircase leading down here.
You climb downwards.
There is a stone staircase leading up here.
b - a +0 sling (weapon)
You shoot a sling bullet. The sling bullet hits the orc.
The orc shouts!
The orc is almost dead.
You shoot a sling bullet. The sling bullet hits the orc.
You kill the orc!
An orc comes into view. It is wielding a +0 flail.
Found a stone staircase leading up.
The orc shouts!
You hear a shout! x2
An orc priest comes into view. It is wielding a +0 club.
You shoot a sling bullet. The orc priest shouts!
The sling bullet hits the orc but does no damage.
There is a stone staircase leading up here.
You shoot a sling bullet. The sling bullet barely misses the orc.
You shoot a sling bullet. The sling bullet hits the orc.
The orc is moderately wounded.
You shoot a sling bullet.
The sling bullet closely misses the orc.
The orc hits you with a +0 flail.
The orc priest calls down the wrath of Beogh upon you.
Beogh smites you! The orc barely misses you.
You climb upwards.
There is a stone staircase leading down here.
a - a +0 mace (weapon)
You completely miss the orc priest. The orc priest barely misses you.
The orc hits you with a +0 flail.
* * * LOW HITPOINT WARNING * * *
You hit the orc priest.
The orc priest is moderately wounded.
The orc priest mumbles some strange prayers to Beogh against you.
Beogh smites you!
You die...

##.###)##.### ##.###.....#######.
#..##.##.######.###.............
##...[)....##...#....#..........
######.##.#....###.##.#..........
#.........#..#......#............
#................................
#...........##..##.............#.
#.........#.###..#####......#....
............####@#####........#..
...............oo.........#....#.
...........####.....##...###.....
...........# ####...#.####<...#.
#..........#########...####.##...
#########......................#.
#...<........[..........####.
#........###########.......#.
#..[.....# #..#####...


You could see an orc priest and an orc.

Vanquished Creatures
  Jessica (D:2)
  2 adders (D:2)
  2 worms (D:2)
  An orc (D:3)
  9 endoplasms (D:1)
  A giant cockroach (D:1)
  3 goblins
  6 hobgoblins
  7 jackals (D:1)
  4 quokkas
  6 bats
  A frilled lizard (D:1)
  2 kobolds (D:1)
  A rat (D:1)
46 creatures vanquished.

Vanquished Creatures (others)
  A plant (D:1)
1 creature vanquished.

Grand Total: 47 creatures vanquished

Notes
Turn   | Place    | Note
-------+----------+-------------------------------------------
     0 | D:1      | Mahakala the Gargoyle Monk began the quest for the Orb.
     0 | D:1      | Reached XP level 1. HP: 14/14 MP: 1/1
   449 | D:1      | Reached XP level 2. HP: 19/19 MP: 2/2
  1176 | D:1      | Reached XP level 3. HP: 24/24 MP: 3/3
  1701 | D:1      | Found a faded altar of an unknown god.
  1976 | D:2      | Noticed Jessica
  1986 | D:2      | Killed Jessica
  1987 | D:2      | Reached XP level 4. HP: 25/29 MP: 4/4
  1989 | D:2      | Identified the +3 dagger of Pilaturr {speed, rN+ Int+2}
  2664 | D:2      | Killed from afar by an orc priest

Illustrated notes

Levels and vault maps discovered:
D:1:      minmay_arrival_stair_chambers, layout_basic,
          shapermc_ecumenical_altar_mp_ritualfount
D:2:      layout_rooms, uniq_jessica
D:3:      wander_river, layout_rooms

Skill      XL: |  1  2  3 |
---------------+----------+-----
Maces & Flails | 4 |  4.7
Fighting       | 4 |  4.2
Dodging        | |  2.4
Stealth        | |  2.1

Action                   |  1- 3 |  4- 6 || total
-------------------------+-------+-------++-------
Melee: Mace              |   139 |    31 ||   170
       Punch             |     2 |       ||     2
 Fire: Sling             |       |     6 ||     6
Throw: Stone             |     6 |       ||     6
 Stab: Sleeping          |     3 |       ||     3
Armor: Robe              |    52 |     3 ||    55
       Leather armour    |       |     4 ||     4
Dodge: Dodged            |    98 |    17 ||   115
